Map: Cyber Forest LE

Players

Maru

  • Race: Terran Terran
  • Spawn Location: 5:00

Neeb - Winner!

  • Race: Protoss Protoss
  • Spawn Location: 11:00

Event: IEM Season 13: Katowice (2019)

VOD

Have the link to the VOD?

Description

Time

  • Played on: Feb. 28, 2019, 12:15 p.m.
  • Length: 12:24

All games in this series

Show
View Real Time Build Order
Export as new Build Order

Maru Terran 

Build Orders: Gas First Reaper Expand 

Get SALT Encoding   

  12  0:01  SCV  
  13  0:13  SCV  
  14  0:17  Supply Depot  
  14  0:25  SCV  
  15  0:28  Refinery  
  15  0:38  SCV  
  16  0:44  Barracks  
  16  0:51  SCV  
  17  1:03  SCV  
  18  1:15  SCV  
  19  1:31  Reaper, Orbital Command  
  20  1:48  Command Center  
  20  1:56  Factory  
  20  1:58  SCV  
  21  2:05  Barracks Reactor  
  21  2:10  SCV  
  21  2:13  Supply Depot  
  22  2:16  Refinery  
  22  2:23  SCV  
  23  2:35  SCV  
  24  2:41  Marine, Hellion  
  24  2:42  Marine  
  24  2:43  Starport  
  28  2:50  Supply Depot  
  28  2:59  Marine x2  
  30  3:05  SCV  
  30  3:12  Factory Tech Lab  
  31  3:17  Marine  
  30  3:21  Viking, SCV  
  32  3:31  Cyclone  
  32  3:32  Marine  
  32  3:33  SCV  
  37  3:35  Marine  
  38  3:43  Orbital Command  
  38  3:45  SCV  
  39  3:55  Marine x2  
  39  3:56  Starport Tech Lab  
  39  3:57  SCV  
  42  4:03  Siege Tank  
  42  4:09  SCV x2  
  47  4:14  Supply Depot  
  47  4:21  SCV x2  
  47  4:23  Raven, Marine  
  47  4:24  Marine  
  52  4:31  Refinery, Supply Depot  
  53  4:33  SCV  
  53  4:35  SCV  
  54  4:46  SCV  
  54  4:47  SCV  
  54  4:52  Marine  
  56  4:53  Stimpack  
  56  4:58  SCV  
  56  4:59  SCV  
  55  5:05  Engineering Bay, Barracks x2  
  55  5:09  Bunker  
  55  5:10  SCV  
  55  5:13  Factory Reactor  
  56  5:14  SCV  
  56  5:18  Starport Reactor, Supply Depot  
  56  5:20  Marauder  
  59  5:22  SCV  
  59  5:26  SCV  
  61  5:31  Supply Depot  
  61  5:32  Terran Infantry Weapons Level 1  
  61  5:34  SCV  
  62  5:38  SCV  
  63  5:44  Barracks x2  
  63  5:47  Marauder  
  65  5:51  Widow Mine x2  
  65  5:55  SCV  
  70  5:58  Combat Shield  
  70  6:02  Supply Depot  
  70  6:03  Marauder  
  72  6:04  Marine  
  72  6:06  Marine  
  72  6:08  Marauder  
  76  6:11  Medivac x2  
  76  6:13  SCV  
  76  6:16  SCV  
  81  6:22  Marine  
  81  6:23  Marine  
  81  6:24  Marauder  
  81  6:27  SCV  
  81  6:30  Marauder  
  81  6:32  Barracks Tech Lab, Barracks Reactor  
  81  6:34  Refinery  
  81  6:35  Supply Depot  
  81  6:38  Widow Mine  
  81  6:39  Widow Mine  
  85  6:49  Marauder, Marine x2  
  85  6:51  Marauder, Supply Depot  
  91  6:56  Concussive Shells  
  91  7:00  Medivac, Supply Depot  
  92  7:13  Marauder x3, Marine x4  
  92  7:15  Medivac  
  103  7:21  Widow Mine x2  
  107  7:24  Supply Depot  
  107  7:31  Marine  
  107  7:34  Marauder x2  
  107  7:35  Marauder  
  114  7:38  Supply Depot  
  114  7:40  Marine  
  115  7:50  Marine  
  116  7:56  Marauder x3  
  122  8:00  Command Center  
  122  8:03  Medivac  
  124  8:06  Medivac  
  124  8:12  Widow Mine x2  
  130  8:13  Marine  
  130  8:17  Marauder  
  130  8:18  Marauder  
  126  8:28  Marauder, Marine  
  126  8:31  Marine x2  
  125  8:37  SCV  
  125  8:39  Marauder x2  
  125  8:40  Medivac x2  
  121  8:48  Marine  
  121  8:50  Marauder  
  121  8:52  Widow Mine x2  
  121  8:54  SCV x2  
  128  9:00  Marauder  
  126  9:05  Terran Infantry Armor Level 1  
  126  9:06  SCV  
  126  9:07  SCV  
  126  9:08  Marine x2  
  126  9:09  Medivac  
  78  9:10  Medivac  
  134  9:20  Marauder, Widow Mine x2, Marine  
  141  9:25  Orbital Command  
  141  9:29  Supply Depot, Marine  
  142  9:35  Marauder, Marine x2  
  127  9:45  Marine  
  127  9:46  Marauder  
  127  9:49  Marine  
  127  9:50  Marauder  
  131  9:53  Widow Mine x2  
  131  9:55  SCV  
  131  9:56  SCV  
  130  10:07  Medivac x2  
  131  10:14  Widow Mine x2  
  131  10:19  Marauder x2, Marine x4  
  131  10:20  Marauder  
  139  10:24  SCV x2  
  143  10:35  Widow Mine  
  143  10:36  Armory  
  143  10:37  Medivac x2, Marine  
  143  10:39  Marine  
  143  10:40  Marine  
  143  10:41  Marauder x3  
  134  10:51  Marine  
  135  11:02  Marauder x3, Marine x2  
  135  11:03  SCV  
  135  11:04  SCV  
  145  11:07  Medivac x2  
  148  11:17  Marine  
  135  11:19  SCV x3  
  135  11:21  Refinery x2  
  135  11:23  Marauder  
  135  11:24  Marauder x2  
  144  11:28  Marine x2  
  146  11:36  SCV  
  146  11:37  Medivac, Marine  
  146  11:38  Supply Depot  
  146  11:41  Marine  
  146  11:44  Widow Mine  
  146  11:45  Marauder x3  
  151  11:50  Marine  
Show
View Real Time Build Order
Export as new Build Order

Neeb Protoss - Winner!

Build Orders: 1 Gate Expand, Phoenix Opening, Blink Stalkers 

Get SALT Encoding   

  12  0:00  Probe  
  13  0:12  Probe  
  14  0:17  Pylon  
  14  0:23  Probe  
  15  0:32  Probe  
  15  0:38  Gateway  
  15  0:40  Probe  
  16  0:46  Assimilator  
  17  0:51  Probe  
  18  1:03  Probe  
  19  1:15  Probe  
  20  1:25  Cybernetics Core  
  20  1:32  Nexus  
  20  1:35  Probe  
  21  1:42  Pylon  
  21  1:49  Probe  
  21  1:51  Adept  
  21  1:52  Assimilator  
  22  2:01  Probe  
  23  2:06  Warp Gate  
  25  2:13  Probe  
  25  2:14  Adept  
  28  2:25  Probe  
  29  2:37  Probe  
  29  2:40  Probe  
  29  2:42  Sentry  
  32  2:48  Probe  
  32  2:49  Probe  
  32  2:51  Twilight Council  
  35  2:58  Probe  
  35  3:00  Blink  
  35  3:01  Probe  
  35  3:02  Pylon  
  35  3:05  Gateway  
  37  3:10  Probe  
  37  3:12  Gateway  
  36  3:20  Probe  
  36  3:23  Probe, Phoenix  
  38  3:32  Probe  
  39  3:35  Probe  
  39  3:39  Pylon  
  39  3:40  Robotics Facility  
  40  3:45  Probe  
  40  3:46  Assimilator  
  40  3:47  Probe  
  42  3:54  Stalker  
  44  3:57  Pylon, Probe  
  44  4:00  Probe  
  44  4:01  Stalker  
  48  4:09  Probe  
  49  4:11  Stalker  
  49  4:12  Probe  
  52  4:17  Pylon  
  52  4:18  Stalker  
  52  4:21  Probe  
  55  4:29  Observer  
  56  4:33  Nexus  
  56  4:38  Probe  
  56  4:39  Probe  
  56  4:42  Pylon  
  58  4:46  Stalker  
  58  4:48  Stalker  
  58  4:55  Probe  
  59  5:00  Probe  
  59  5:03  Stalker  
  62  5:08  Probe  
  62  5:09  Assimilator  
  63  5:14  Probe  
  63  5:17  Observer  
  65  5:22  Probe  
  65  5:24  Robotics Bay  
  65  5:26  Forge  
  66  5:30  Shield Battery  
  66  5:33  Probe  
  66  5:34  Probe  
  68  5:36  Stalker  
  68  5:38  Stalker  
  68  5:40  Protoss Ground Armor Level 1  
  72  5:45  Probe  
  72  5:46  Shield Battery  
  72  5:48  Probe  
  74  5:50  Probe  
  75  5:58  Probe  
  75  6:00  Probe  
  75  6:02  Probe, Colossus  
  78  6:08  Charge  
  78  6:10  Probe  
  85  6:22  Probe  
  85  6:23  Extended Thermal Lance, Probe  
  87  6:28  Probe  
  88  6:34  Gateway, Probe  
  88  6:36  Gateway  
  88  6:37  Probe  
  88  6:39  Gateway  
  90  6:41  Sentry, Pylon  
  90  6:44  Pylon, Colossus  
  90  6:46  Probe  
  91  6:49  Probe  
  91  6:52  Zealot x2  
  95  6:55  Gateway  
  101  7:12  Zealot x3  
  107  7:17  Shield Battery  
  107  7:18  Shield Battery  
  107  7:20  Probe  
  108  7:23  Pylon  
  108  7:27  Zealot  
  108  7:36  Stalker x4  
  114  7:37  Stalker, Protoss Ground Armor Level 2, Colossus  
  122  7:44  Pylon  
  122  7:45  Pylon x2  
  122  7:51  Nexus  
  122  7:53  Probe x2  
  124  8:02  Probe  
  124  8:04  Forge, Zealot  
  127  8:09  Pylon  
  127  8:10  Zealot x2  
  131  8:13  Zealot  
  131  8:17  Zealot x2  
  137  8:26  Zealot x2  
  131  8:29  Probe  
  131  8:32  Protoss Ground Weapons Level 1, Zealot x2  
  131  8:34  Probe x2  
  124  8:35  Colossus  
  124  8:37  Zealot x2  
  124  8:40  Observer  
  124  8:41  Probe  
  121  8:43  Stalker  
  121  8:46  Probe x2  
  125  9:00  Probe x2  
  123  9:04  Probe  
  123  9:07  Zealot x2  
  123  9:08  Zealot x2  
  132  9:13  Gateway  
  132  9:14  Gateway  
  132  9:20  Stalker x3  
  138  9:25  Colossus  
  144  9:32  Pylon  
  144  9:36  Zealot x4  
  144  9:46  Zealot x3  
  140  9:54  Nexus  
  140  9:56  Stalker x3  
  140  9:59  Stalker  
  144  10:07  Zealot x4  
  144  10:09  Colossus  
  150  10:15  Probe x2  
  150  10:16  Stalker  
  160  10:22  Forge  
  160  10:25  Probe  
  160  10:26  Assimilator x2  
  160  10:27  Pylon  
  161  10:33  Stalker  
  163  10:37  Pylon  
  163  10:38  Pylon  
  163  10:41  Pylon  
  163  10:42  Pylon  
  159  10:51  Zealot, Stalker x5  
  171  11:07  Zealot x2  
  171  11:08  Zealot  
  171  11:11  Pylon  
  175  11:13  Observer  
  175  11:15  Probe x2  
  167  11:18  Zealot x5  
  167  11:19  Zealot  
  179  11:26  Probe x2  
  179  11:27  Probe  
  179  11:30  Zealot x3  
  188  11:34  Gateway  
  188  11:38  Gateway  
  188  11:39  Zealot x6  
  195  11:55  Stalker x2  
  195  11:56  Stalker  
  184  12:16  Stalker x2  

Tags
 
Add a new tag
Caveats
  • Supply blocks, unpowered buildings, or Contaminate may cause inaccurate times.
  • Supply counts are checked every 10 seconds.